 Dungeon Crawl Stone Soup version 0.30.0-19-g36f170ea60 (webtiles) character file.

Game seed: 9807854611617224256

95 RascalDebosk the Magician (level 4, 0/31 HPs)
             Began as a Djinni Enchanter on May 29, 2023.
             Killed from afar by an orc wizard (3 damage)
             ... with a magic dart
             ... on level 3 of the Dungeon.
             The game lasted 00:15:33 (2036 turns).

RascalDebosk the Magician (Djinni Enchanter)        Turns: 2036, Time: 00:15:34

Health: 0/31       AC:  2    Str:  7    XL:     4   Next: 95%
Gold:   105        EV: 12    Int: 18    God:
                   SH:  5    Dex: 14

rFire   + + .        o - +3 dagger (speed)
rCold   x . .        (no shield)
rNeg    . . .        b - +0 robe
rPois   ∞            (no helmet)
rElec   .            (no cloak)
rCorr   .            (no gloves)
SInv    .            (boots unavailable)
Will    .....        p - amulet of reflection
Stlth   ++           (no ring)
HPRegen 0.25/turn    (no ring)
MPRegen 0.00/turn

%: reflection, infuse magic (-1 HP)
@: flying
A: sickness immunity, fire resistance 2, cold vulnerability 1, float, innate
caster, HP casting, extra vitality 1
a: no special abilities


You were on level 3 of the Dungeon.
You visited 1 branch of the dungeon, and saw 3 of its levels.

You collected 105 gold pieces.

Inventory:

Hand Weapons
 e - a +2 dagger of venom
 o - a +3 dagger of speed (weapon)
Armour
 b - a +0 robe (worn)
Jewellery
 g - a ring of protection from fire
 p - an amulet of reflection (around neck)
Scrolls
 h - 4 scrolls of identify {unknown}
 i - 3 scrolls of enchant weapon {unknown}
 j - a scroll of fear {unknown}
 l - a scroll of noise {unknown}
 m - a scroll of amnesia {unknown}
 n - a scroll of immolation {unknown}
Potions
 a - 2 potions of attraction {unknown}
 c - 3 potions of invisibility
 d - a potion of lignification {unknown}
 f - a potion of berserk rage {unknown}
 k - a potion of brilliance {unknown}


   Skills:
 + Level 0.1 Fighting
 + Level 1.0 Short Blades
 - Level 2.1 Dodging
 + Level 2.4 Stealth
 * Level 4.0 Spellcasting


You knew the following spells:

 Your Spells              Type           Power      Damage    Failure   Level
a - Ensorcelled Hibernat  Hex/Ice        36%        N/A       4%          2
b - Confusing Touch       Hex            18%        N/A       9%          3
c - Tukima's Dance        Hex            18%        N/A       9%          3
d - Dazzling Flash        Conj/Hex       36%        N/A       9%          3
e - Summon Small Mammal   Summ           72%        N/A       2%          1
Your spell library was empty.

Dungeon Overview and Level Annotations

Branches:
Dungeon (3/15)

Altars:

Shops:
D:1 =


Innate Abilities, Weirdness & Mutations

You are immune to sickness and miasma.
You are immune to poison.
Your flesh is very heat resistant. (rF++)
You are vulnerable to cold. (rC-)
You float through the air rather than walking.
You learn spells naturally, not from books.
Your magical power is your life essence.
You have superior vitality. (+4 MHP)


Message History

Press: ? - help, Shift-Dir - straight line, f/p - hobgoblin
Aim: a hobgoblin, wearing an amulet of reflection (reflecting blocked projectiles, chance to affect: 68%)
The hobgoblin looks drowsy...
The helpless hobgoblin fails to defend itself.
You puncture the hobgoblin!
You kill the hobgoblin!
p - an amulet of reflection
i - 3 scrolls labelled PUGAOPT YXUCLO (gained 1)
You now have 98 gold pieces (gained 8).
You start putting on your amulet.
You continue putting on your amulet of reflection. x2
Keep equipping yourself? [Y]es or [N]o only, please.
Keep equipping yourself?
You continue putting on your amulet of reflection. x3
The orc shouts!
The orc hits you with a +0 dagger.
You finish putting on your amulet of reflection.
You feel a shielding aura gather around you.
p - an amulet of reflection (around neck)
You barely miss the orc. You hit the orc.
The orc is severely wounded.
The orc hits you with a +0 dagger.
You hit the orc.
You kill the orc!
You drop a +1 dagger.
An orc comes into view. It is wielding a +0 dagger.
You see here 7 gold pieces.
You now have 105 gold pieces (gained 7).
Casting: Ensorcelled Hibernation (safe; 4% risk of failure)
Confirm with . or Enter, or press ? or * to list all spells.
Aiming: Ensorcelled Hibernation (safe; 4% risk of failure)
Press: ? - help, Shift-Dir - straight line, f - orc
Aim: an orc, wielding a +0 dagger (chance to affect: 68%)
The orc struggles to resist.
The orc hits you with a +0 dagger.
Casting: Ensorcelled Hibernation (safe; 4% risk of failure)
Confirm with . or Enter, or press ? or * to list all spells.
Aiming: Ensorcelled Hibernation (safe; 4% risk of failure)
Press: ? - help, Shift-Dir - straight line, f/p - orc
Aim: an orc, wielding a +0 dagger (chance to affect: 68%)
The orc struggles to resist.
* * * LOW HITPOINT WARNING * * *
The orc hits you with a +0 dagger.
* * * LOW HITPOINT WARNING * * *
Casting: Ensorcelled Hibernation (safe; 4% risk of failure)
Confirm with . or Enter, or press ? or * to list all spells.
Aiming: Ensorcelled Hibernation (safe; 4% risk of failure)
Press: ? - help, Shift-Dir - straight line, f/p - orc
Aim: an orc, wielding a +0 dagger (chance to affect: 68%)
The orc looks drowsy...
* * * LOW HITPOINT WARNING * * *
The helpless orc fails to defend itself.
You puncture the orc!
You kill the orc!
Your Short Blades skill increases to level 1!
Found a stone staircase leading up.
There is an open door here.
An orc comes into view. It is wielding a +0 short sword.
An orc wizard comes into view. It is wielding a +0 dagger.
Found 11 gold pieces and a book of Burglary.
The orc wizard shouts!
Casting: Ensorcelled Hibernation (safe; 4% risk of failure)
Confirm with . or Enter, or press ? or * to list all spells.
The spell is quite dangerous to miscast (9% risk of failure)!
Continue anyway?
Aiming: Tukima's Dance (quite dangerous; 9% risk of failure)
Press: ? - help, Shift-Dir - straight line, f - orc wizard
Aim: an orc wizard, wielding a +0 dagger and wearing a +0 robe (chance to affect: 50%)
The +0 dagger dances into the air!
Something hits your +0 dagger.
Your +0 dagger falls from the air.
Casting: Tukima's Dance (quite dangerous; 9% risk of failure)
Confirm with . or Enter, or press ? or * to list all spells.
Aiming: Ensorcelled Hibernation (safe; 4% risk of failure)
Press: ? - help, Shift-Dir - straight line, f/p - orc wizard
Aim: an orc wizard, wearing a +0 robe (chance to affect: 50%)
The orc wizard looks drowsy...
The orc shouts!
The helpless orc wizard fails to defend itself.
You puncture the orc wizard!
The orc wizard is almost dead.
The orc wizard gestures at you while chanting.
The magic dart hits you! The orc hits you with a +0 short sword.
You barely miss the orc wizard.
The orc wizard is almost dead.
The orc wizard gestures at you while chanting.
The magic dart hits you.
* * * LOW HITPOINT WARNING * * *
The orc hits you with a +0 short sword.
* * * LOW HITPOINT WARNING * * *
You hit the orc wizard but do no damage.
The orc wizard is almost dead.
Unknown command.
You hit the orc wizard but do no damage.
The orc wizard is almost dead.
The orc hits you with a +0 short sword.
* * * LOW HITPOINT WARNING * * *
The orc wizard gestures at you while chanting.
The magic dart hits you.
You die...

## . #########
.#####
#.......#### )$:.
+........... ...#
#........... #..#
#.......#### #oo#
#.......####
#@.######.).....##
#.#<...##)......##
#.......'.......##
#.####.#........##
#.# #.#..........
#.####.#.#..#..#..
#......#...#..#..#
########..#..#..#.
..#..#..#..


You could see an orc wizard and an orc.

Vanquished Creatures
  Terence (D:3)
  An adder (D:2)
  2 dart slugs
  3 orcs (D:3)
  5 endoplasms
  2 giant cockroaches
  3 goblins
  9 hobgoblins
  3 kobolds
  2 quokkas
  5 ball pythons
  5 bats
  2 frilled lizards (D:1)
  4 rats
47 creatures vanquished.

Vanquished Creatures (collateral kills)
  A kobold (D:3)
1 creature vanquished.

Vanquished Creatures (others)
  A dancing weapon (D:3)
1 creature vanquished.

Grand Total: 49 creatures vanquished

Notes
Turn   | Place    | Note
-------+----------+-------------------------------------------
     0 | D:1      | RascalDebosk the Djinni Enchanter began the quest for the
                  | Orb.
     0 | D:1      | RascalDebosk set off with the following spells memorised:
                  | Ensorcelled Hibernation, Confusing Touch, Tukima's Dance,
                  | Dazzling Flash.
     0 | D:1      | Reached XP level 1. HP: 15/15 MP: 0/0
   135 | D:1      | Reached XP level 2. HP: 20/21 MP: 0/0
   140 | D:1      | Found Ymesahoigg's One-of-a-Kind Rings.
   264 | D:1      | Reached skill level 3 in Spellcasting
   452 | D:1      | Reached XP level 3. HP: 25/25 MP: 0/0
   452 | D:1      | Learned a level 1 spell: Summon Small Mammal
  1041 | D:2      | Reached XP level 4. HP: 31/31 MP: 0/0
  1730 | D:3      | Noticed Terence
  1739 | D:3      | Killed Terence
  1740 | D:3      | Reached skill level 4 in Spellcasting
  1941 | D:3      | Reached skill level 1 in Short Blades
  2036 | D:3      | Killed from afar by an orc wizard

Illustrated notes

Levels and vault maps discovered:
D:1:      heliophobic_arrival_enchanted_forest, layout_basic,
          nicolae_shop_unique_rings
D:2:      minmay_evil_eye, layout_basic
D:3:      layout_basic, dilly_ecumenical_altar_fadedgnrine,
          minmay_misc_feat_diagonals, uniq_terence

Skill      XL: |  1  2  3  4 |
---------------+-------------+-----
Spellcasting   | 3 4 |  4.0
Short Blades   | 1 |  1.0
Fighting       | |  0.1
Dodging        | |  2.1
Stealth        | |  2.4

Action                     |  1- 3 |  4- 6 || total
---------------------------+-------+-------++-------
  Melee: Dagger            |    46 |    33 ||    79
         Punch             |       |     1 ||     1
   Cast: Ensorcelled Hiber |    20 |    19 ||    39
         Summon Small Mamm |     2 |       ||     2
         Dazzling Flash    |     1 |       ||     1
         Tukima's Dance    |       |     3 ||     3
   Stab: Sleeping          |    21 |    11 ||    32
 Armour: Robe              |     3 |     6 ||     9
  Dodge: Dodged            |    17 |    15 ||    32
